 Dungeon Crawl Stone Soup version 0.27-a0-972-gd1521fd518 (webtiles) character file.

Game seed: 11852136112860331296

260 Morbidden the Insei (level 6, -5/43 HPs)
             Began as a Djinni Transmuter on Apr 13, 2021.
             Slain by Menkaure (14 damage)
             ... on level 4 of the Dungeon.
             The game lasted 00:07:28 (5418 turns).

Morbidden the Insei (Djinni Transmuter)             Turns: 5418, Time: 00:07:29

Health: -5/43      AC:  3    Str: 11    XL:     6   Next: 17%
Gold:   117        EV: 13    Int: 14    God:
                   SH:  0    Dex: 14

rFire    + + .     SeeInvis .     - Unarmed
rCold    x . .     Faith    .   (no shield)
rNeg     . . .     Spirit   .   a - +0 robe
rPois    ∞         Reflect  .   (helmet currently unavailable)
rElec    .         Harm     .   j - +0 cloak
rCorr    .         Rampage  .   (no gloves)
Will     .....                  (boots unavailable)
Stlth    ++........             (no amulet)
HPRegen  0.14/turn              (no ring)
MPRegen  0.00/turn              (no ring)

@: mighty, appendages, flying
A: horns 2, flying, fire resistance 2, cold vulnerability 1, float, innate
caster, hp casting, extra vitality 1
a: End Transformation


You were on level 4 of the Dungeon.
You had temporarily grown beastly horns.
You visited 1 branch of the dungeon, and saw 5 of its levels.

You collected 117 gold pieces.

Inventory:

Missiles
 d - 24 arrows
 f - 7 boomerangs (quivered)
Armour
 a - a +0 robe (worn)
 j - a +0 cloak (worn)
 p - a +0 helmet (melded)
Scrolls
 b - a scroll of fog {unknown}
 c - 2 scrolls of enchant weapon {unknown}
 e - a scroll of torment {unknown}
 i - a scroll of fear {unknown}
 k - a scroll of blinking {unknown}
 l - a scroll of silence {unknown}
 o - a scroll of amnesia {unknown}
 q - a scroll of holy word {unknown}
Potions
 h - 2 potions of curing
 m - a potion of resistance {unknown}
 n - a potion of mutation {unknown}


   Skills:
 * Level 2.2 Fighting
 + Level 0.2 Throwing
 + Level 3.4 Dodging
 + Level 1.0 Stealth
 + Level 4.2 Unarmed Combat
 * Level 3.3 Spellcasting


You couldn't memorise any spells.
You knew the following spells:

 Your Spells              Type           Power      Damage    Failure   Level
a - Magic Dart            Conj           44%        1d5       5%          1
b - Beastly Appendage     Tmut           22%        N/A       5%          1
c - Spider Form           Tmut/Pois      5%         N/A       16%         3
d - Ice Form              Ice/Tmut       11%        N/A       45%         4
e - Hydra Form            Tmut           5%         N/A       82%         5
f - Searing Ray           Conj           22%        3d3       8%          2
z - Wereblood             Tmut           11%        N/A       8%          2
Your spell library was empty.

Dungeon Overview and Level Annotations

Branches:
Dungeon (5/15)
 Temple: D:4-7

Altars:

Annotations:
D:4 Menkaure


Innate Abilities, Weirdness & Mutations

You have temporarily grown beastly horns.
You are flying.
You are immune to poison.
Your flesh is very heat resistant. (rF++)
You are vulnerable to cold. (rC-)
You float through the air rather than walking.
You learn spells naturally, not from books.
Your magical power is your life essence.
You have superior vitality. (+4 HP)


Message History

Unknown command.
Unknown command.
Unknown command.
Casting: Spider Form (dangerous; 16% risk of failure)
Confirm with . or Enter, or press ? or * to list all spells.
Okay, then.
Unknown command.
Unknown command.
Unknown command.
Unknown command.
Casting: Spider Form (dangerous; 16% risk of failure)
Confirm with . or Enter, or press ? or * to list all spells.
You grow a pair of large bovine horns.
Your +0 helmet melds into your body.
Menkaure gestures at you while chanting.
Pain shoots through your body! Menkaure barely misses you.
Unknown command.
Unknown command.
You closely miss Menkaure.
Menkaure is moderately damaged.
The jackal closely misses you.
Menkaure calls on the powers of darkness!
Your body is wracked with pain!
* * * LOW HITPOINT WARNING * * *
The jackal convulses!
The dart slug convulses!
Unknown command.
Unknown command.
Unknown command.
You punch Menkaure! Your headbutt misses Menkaure.
Menkaure is severely damaged.
The jackal bites you.
* * * LOW HITPOINT WARNING * * *
The jackal barely misses you.
Unknown command.
Unknown command.
Unknown command.
You barely miss Menkaure.
Menkaure is severely damaged.
Menkaure hits you!
You die...

......... .......#...#
......... #......#...
........# .........
........#
.......####.........
......##...#.####.#
..w..##...## ##..#
#M..#...).####...#
#@.....<....###...
#h###.............
#...........##....
.......#........##.....
.......##.......###.##.
........#..#.....#...#.
..h....##..#..........#
........#..........)###
........#....##......#


You could see Menkaure, a dart slug and a jackal.

Vanquished Creatures
  2 vampire bats (D:3)
  A jelly (D:4)
  Robin (D:3)
  4 gnolls (D:4)
  2 adders
  A worm (D:3)
  2 orcs (D:3)
  12 bats
  6 endoplasms
  3 giant cockroaches
  11 goblins
  7 hobgoblins
  2 quokkas
  11 ball pythons
  4 frilled lizards
  4 kobolds
  5 rats
78 creatures vanquished.

Vanquished Creatures (others)
  2 plants (D:3)
2 creatures vanquished.

Grand Total: 80 creatures vanquished

Notes
Turn   | Place    | Note
-------+----------+-------------------------------------------
     0 | D:1      | Morbidden the Djinni Transmuter began the quest for the
                  | Orb.
     0 | D:1      | Reached XP level 1. HP: 17/17 MP: 0/0
    98 | D:1      | Reached XP level 2. HP: 6/22 MP: 0/0
   804 | D:1      | HP: 1/22 [ball python (1)]
  1518 | D:1      | Reached XP level 3. HP: 13/27 MP: 0/0
  1518 | D:1      | Learned a level 1 spell: Magic Dart
  2523 | D:2      | You are sucked into a shaft and drop 2 floors!
  2524 | D:4      | Noticed a phantom
  2539 | D:4      | You are sucked into a shaft and drop 1 floor!
  2539 | D:5      | Entered Level 5 of the Dungeon
  2572 | D:4      | Reached XP level 4. HP: 24/32 MP: 0/0
  2905 | D:3      | Reached skill level 4 in Unarmed Combat
  2905 | D:3      | Reached XP level 5. HP: 27/38 MP: 0/0
  2905 | D:3      | Learned a level 2 spell: Searing Ray
  4183 | D:3      | Noticed Robin
  4188 | D:3      | Found a faded altar of an unknown god.
  4222 | D:3      | HP: 1/38 [Robin/+4 whip of electrocution (5)]
  4286 | D:3      | Killed Robin
  4287 | D:3      | Reached XP level 6. HP: 11/43 MP: 0/0
  4666 | D:3      | Reached skill level 1 in Stealth
  5404 | D:4      | Noticed Menkaure
  5418 | D:4      | Slain by Menkaure

Illustrated notes

Levels and vault maps discovered:
D:1:      minmay_arrival_plants_in_alcoves, layout_loops_ring,
          minmay_misc_feat_columns, st_stairs_5
D:2:      layout_loops_corners
D:3:      layout_basic, shapermc_ecumenical_altar_mp_highgroup, roderic_batcave,
          serial_bayou_ford_a, uniq_robin
D:4:      layout_cave_pools, nicolae_overflow_quartered_altars,
          lemuel_zombie_altar_kikubaaqudgha, old_standard_altar,
          minmay_temple_entry_mini_moons, serial_shops, shop_statue,
          uniq_menkaure
D:5:      layout_rooms

Skill      XL: |  1  2  3  4  5  6 |
---------------+-------------------+-----
Spellcasting   | 2 3 |  3.3
Dodging        | 3 |  3.4
Unarmed Combat | 4 |  4.2
Fighting       | 2 |  2.2
Stealth        | 1 |  1.0
Throwing       | |  0.2

Action                   |  1- 3 |  4- 6 || total
-------------------------+-------+-------++-------
Melee: Unarmed           |   102 |    72 ||   174
       Headbutt          |     6 |       ||     6
       Punch             |     1 |     1 ||     2
Throw: Boomerang         |       |    16 ||    16
 Cast: Beastly Appendage |    13 |     4 ||    17
       Magic Dart        |    21 |    76 ||    97
       Wereblood         |       |     2 ||     2
       Spider Form       |       |     3 ||     3
  Use: Potion            |     1 |     1 ||     2
 Stab: Sleeping          |       |     1 ||     1
Armor: Robe              |    40 |    24 ||    64
       Skin              |       |     1 ||     1
Dodge: Dodged            |   105 |    69 ||   174

Table legend: (Time is in decaauts)
 A = Elapsed time spent in this place.
 B = Non-inter-level travel time spent in this place.
 C = Inter-level travel time spent in this place.
 D = Time resting spent in this place.
 E = Time spent auto-exploring this place.
 F = Levels seen in this place.
 G = Mean time per level.
                   A        B        C        D        E       F      G
               +--------+--------+--------+--------+--------+-----+--------+
         Total |   5411 |   5317 |     94 |   1295 |   3317 |   5 | 1082.2 |
       Dungeon |   5411 |   5317 |     94 |   1295 |   3317 |   5 | 1082.2 |
               +--------+--------+--------+--------+--------+-----+--------+

Top non-repeatable levels by time:
     D:1: 2145 daAuts
     D:3: 2063 daAuts
     D:2: 1017 daAuts
     D:4: 177 daAuts
     D:5: 7 daAuts
